 Dungeon Crawl Stone Soup version 0.29-a0-275-g389c0b56f3 (webtiles) character file.

Game seed: 7356086980582859663

2827 kae the Ruffian (level 9, -3/105 HPs)
             Began as a Purple Draconian Transmuter on Mar 10, 2022.
             Was a Follower of Ru.
             Engulfed by a cloud of steam (10 damage)
             ... on level 8 of the Dungeon.
             The game lasted 00:05:49 (8448 turns).

kae the Ruffian (Purple Draconian Transmuter)       Turns: 8448, Time: 00:05:49

Health: -3/105     AC:  8    Str: 13    XL:     9   Next: 45%
Magic:  16/26      EV: 11    Int: 18    God:    Ru [*.....]
Gold:   390        SH:  0    Dex: 11    Spells: 10/18 levels left

rFire   x . .      SeeInvis .     - Unarmed
rCold   + + +      Faith    .   (shield currently unavailable)
rNeg    . . .      Spirit   .   (body armour unavailable)
rPois   +          Reflect  .   (helmet currently unavailable)
rElec   .          Harm     .   (cloak currently unavailable)
rCorr   .          Rampage  .   (gloves currently unavailable)
Will    +....                   (boots currently unavailable)
Stlth   +.........              j - amulet of Vitality {Regen+ HP+15}
HPRegen 1.07/turn               b - ring of magical power
MPRegen 0.20/turn               (no ring)

@: ice-form, very slightly contaminated
A: freezing attack, amphibious, boosted hp, (breathe power), AC +7, large,
unfitting armour, (cold-blooded), hated by all
a: End Transformation, Renounce Religion


You were on level 8 of the Dungeon.
You worshipped Ru.
Ru was aware of your devotion.
You were a creature of crystalline ice.
You visited 2 branches of the dungeon, and saw 9 of its levels.

You collected 390 gold pieces.

Inventory:

Armour
 k - the +2 shield of Resistance {rF++ rC++ Will++}
   (You found it on level 2 of the Dungeon)

   rF:        It greatly protects you from fire.
   rC:        It greatly protects you from cold.
   Will:      It greatly increases your willpower.
Jewellery
 b - a ring of magical power (left front paw)
 g - a ring of wizardry
 i - a ring of ice
 j - the amulet of Vitality (around neck) {Regen+ HP+15}
   (You acquired it on level 4 of the Dungeon)

   [amulet of regeneration]

   HP:        It affects your health (+15).
   Regen:     It increases your rate of health regeneration.
 r - the amulet "Cuaffat" {Spirit rF+ rCorr SInv}
   (You found it on level 4 of the Dungeon)

   [amulet of guardian spirit]

   It causes incoming damage to be divided between your reserves of health and
   magic.
   rF:        It protects you from fire.
   SInv:      It lets you see invisible.
   rCorr:     It protects you from acid and corrosion.
 u - an amulet of regeneration
 B - an amulet of guardian spirit
Wands
 h - a wand of flame (8)
 q - a wand of iceblast (10)
 t - a wand of digging (6)
Scrolls
 c - 3 scrolls of enchant armour
 e - 2 scrolls of amnesia
 s - 2 scrolls of holy word
 x - a scroll of teleportation
 y - a scroll of noise
 z - a scroll of brand weapon
Potions
 a - 2 potions of lignification
 d - a potion of attraction
 f - a potion of berserk rage
 l - 3 potions of curing
 m - 3 potions of flight
 n - 3 potions of might
 o - 2 potions of heal wounds
 p - 3 potions of invisibility
 v - 2 potions of haste {unknown}
 w - a potion of brilliance


   Skills:
 + Level 4.9 Fighting
 + Level 4.3 Dodging
 * Level 7.1 Unarmed Combat
 + Level 5.3 Spellcasting
 * Level 6.6 Transmutations
 * Level 4.8 Ice Magic
 - Level 2.0 Poison Magic


You had 10 spell levels left.
You knew the following spells:

 Your Spells              Type           Power      Damage    Failure   Level
a - Beastly Appendage     Tmut           56%        N/A       1%          1
b - Spider Form           Tmut/Pois      20%        N/A       7%          3
c - Ice Form              Ice/Tmut       25%        N/A       12%         4

Your spell library contained the following spells:

 Spells                   Type           Power      Damage    Failure   Level
 Wereblood                Tmut           28%        N/A       1%          2
 Blink                    Tloc           8%         N/A       19%         2
 Corpse Rot               Necr/Air       8%         N/A       19%         2
 Lesser Beckoning         Tloc           4%         N/A       36%         3
 Dispel Undead            Necr           4%         3d7       77%         4
 Manifold Assault         Tloc           4%         N/A       98%         5
 Storm Form               Tmut/Air       8%         N/A       100%        7
 Death Channel            Necr           Unusable   N/A       N/A         6

Dungeon Overview and Level Annotations

Branches:
Dungeon (8/15)             Temple (1/1) D:5
   Lair: D:8-11

Altars:
Ashenzari
Cheibriados
Dithmenos
Fedhas
Gozag
Hepliaklqana
Kikubaaqudgha
Makhleb
Okawaru
Qazlal
Ru
Sif Muna
Trog
Uskayaw
Vehumet
Wu Jian
Xom
Zin
The Shining One

Shops:
D:2 (([[*   D:6 [

Annotations:
D:5 1 runed translucent door, manifold's ghost, novice DjFE


Innate Abilities, Weirdness & Mutations

You are a creature of crystalline ice.
You have a powerful freezing melee attack.
You are amphibious.
Your maximum health is increased.
Your armour is entirely melded.
You are incapable of wielding weapons or throwing items.
((You can breathe bolts of dispelling energy.))
((Your rich purple scales are hard. (AC +7)))
You cannot fit into any form of body armour.
((You are cold-blooded and may be slowed by cold attacks.))
You are hated by all.


Message History

Confirm with . or Enter, or press ? or * to list all spells.
You turn into a creature of crystalline ice.
The steam dragon breathes steam at you. The ball of steam hits you!!
The steam scalds you terribly!
You are engulfed in a cloud of scalding steam.
You hit the steam dragon. You freeze the steam dragon.
The steam dragon is lightly wounded.
You are engulfed in a cloud of scalding steam.
You barely miss the steam dragon.
The steam dragon is lightly wounded.
You are engulfed in a cloud of scalding steam.
The steam dragon bites you but does no damage.
The steam dragon claws you.
You punch the steam dragon! You freeze the steam dragon.
The steam dragon is severely wounded.
You are engulfed in a cloud of scalding steam.
The steam dragon bites you but does no damage.
The steam dragon claws you but does no damage.
You hit the steam dragon but do no damage.
The steam dragon is severely wounded.
You are engulfed in a cloud of scalding steam.
The steam dragon breathes steam at you. The ball of steam hits you!!
The steam scalds you terribly!
You are too injured to fight recklessly!
You are too injured to fight recklessly!
You are too injured to fight recklessly!
You barely miss the steam dragon.
The steam dragon is severely wounded.
The steam dragon bites you. The steam dragon closely misses you.
You are too injured to fight recklessly!
You are too injured to fight recklessly!
You barely miss the steam dragon.
The steam dragon is severely wounded.
The steam dragon breathes steam at you. The ball of steam hits you!!
The steam scalds you terribly!
* * * LOW HITPOINT WARNING * * *
You punch the steam dragon! You freeze the steam dragon.
You kill the steam dragon!
You are engulfed in a cloud of scalding steam.
You die...

#...## # ##.... # #....#
# #....# ###. # ##....##
##.... ##
#......########......
.####..#.....#.#.......#
......##.......#.......#
.....<....#.....Y.......
........###.#>##..(.###.
.....#####..####.#...#
......# ....# ..#......
............. ...D.....
.>....###..## .... .....
....... ... ..........
.... .... ####.. ....
##..


There were no monsters in sight!

Vanquished Creatures
  A troll (D:7)
  Grinder (D:5)
  A steam dragon (D:8)
  Edmund (D:4)
  A water moccasin (D:7)
  2 ice beasts
  An orc warrior (D:8)
  2 black bears (D:7)
  3 ogres
  2 phantoms
  3 bullfrogs
  2 elf zombies (D:4)
  A gnoll sergeant (D:8)
  A necrophage (D:7)
  3 killer bees (D:8)
  2 human zombies (D:4)
  3 hounds
  Crazy Yiuf (D:6)
  2 orc priests (D:8)
  5 orc wizards (D:8)
  Terence (D:3)
  2 iguanas
  Natasha (thrice) (D:3)
  8 gnolls
  4 adders
  A river rat (D:6)
  2 white imps (D:6)
  2 worms (D:2)
  2 dart slugs (D:1)
  31 orcs
  6 ball pythons
  6 endoplasms
  5 giant cockroaches
  10 goblins
  6 hobgoblins
  2 jackals (D:1)
  3 quokkas
  9 bats
  6 kobolds
  An orc skeleton (D:4)
  An orc zombie (D:4)
  9 rats
158 creatures vanquished.

Vanquished Creatures (others)
  3 plants (D:7)
  2 withered plants (D:5)
5 creatures vanquished.

Grand Total: 163 creatures vanquished

Notes
Turn   | Place    | Note
-------+----------+-------------------------------------------
     0 | D:1      | kae the Draconian Transmuter began the quest for the Orb.
     0 | D:1      | Reached XP level 1. HP: 16/16 MP: 3/3
   140 | D:1      | Found a faded altar of an unknown god.
   209 | D:1      | Reached XP level 2. HP: 23/23 MP: 5/5
   702 | D:1      | Reached XP level 3. HP: 22/28 MP: 4/6
   707 | D:1      | Learned a level 3 spell: Spider Form
  1090 | D:2      | Found Xofummydeo's General Store.
  1441 | D:2      | Found Tiem's Armour Boutique.
  1540 | D:2      | Reached skill level 1 in Poison Magic
  1540 | D:2      | Reached XP level 4. HP: 6/35 MP: 7/7
  1907 | D:2      | Found Vehyjyss's Antique Weapon Boutique.
  2060 | D:2      | Found Donep's Antique Weapon Shoppe.
  2060 | D:2      | Found the +2 shield of Resistance {rF++ rC++ Will++}
  2175 | D:2      | Found Ukkekixe's Armour Boutique.
  2333 | D:3      | Noticed Natasha
  2339 | D:3      | Killed Natasha
  2515 | D:3      | Identified the +5 mace of Anlas {protect, Dex+3 SInv}
  2803 | D:3      | Noticed Terence
  2819 | D:3      | Killed Terence
  2820 | D:3      | Reached XP level 5. HP: 22/41 MP: 8/8
  3095 | D:3      | Noticed Natasha
  3104 | D:3      | Killed Natasha
  3105 | D:3      | Reached skill level 4 in Unarmed Combat
  3350 | D:3      | Noticed Natasha
  3359 | D:3      | Killed Natasha
  3809 | D:4      | Identified a scroll of acquirement
  3809 | D:4      | Acquired the amulet of Vitality {Regen+ HP+15}
  3809 | D:4      | Found the amulet of Vitality {Regen+ HP+15}
  3883 | D:4      | Noticed an ogre
  3916 | D:4      | Killed an ogre
  3917 | D:4      | Reached XP level 6. HP: 12/49 MP: 10/10
  4068 | D:4      | Noticed Edmund
  4097 | D:4      | Killed Edmund
  4447 | D:4      | Identified the amulet "Cuaffat" {Spirit rF+ rCorr SInv}
  4580 | D:4      | Your scales start taking on a rich purple colour.
  4580 | D:4      | Reached XP level 7. HP: 56/56 MP: 12/12
  4606 | D:4      | Reached skill level 5 in Unarmed Combat
  4611 | D:4      | Learned a level 4 spell: Ice Form
  4825 | D:5      | Entered Level 5 of the Dungeon
  4858 | D:5      | Noticed Grinder
  4932 | D:5      | Killed Grinder
  4933 | D:5      | Reached skill level 1 in Ice Magic
  5174 | D:5      | Found a runed translucent door.
  5174 | D:5      | Noticed manifold's ghost (novice DjFE)
  5219 | D:5      | Found a staircase to the Ecumenical Temple.
  5287 | D:5      | Reached XP level 8. HP: 63/63 MP: 14/14
  5346 | Temple   | Entered the Ecumenical Temple
  5551 | Temple   | Became a worshipper of Ru the Awakened
  5952 | D:6      | Found Paziti's Armour Boutique.
  5952 | D:6      | Found an iron altar of Okawaru.
  5963 | D:6      | Reached skill level 5 in Transmutations
  6252 | D:6      | Found a runed translucent door.
  6253 | D:6      | Noticed Crazy Yiuf
  6309 | D:6      | Found an opulent altar of Gozag.
  6504 | D:6      | Found a shadowy altar of Dithmenos.
  6699 | D:6      | Found a hazy altar of Hepliaklqana.
  6715 | D:6      | Reached skill level 6 in Unarmed Combat
  6768 | D:6      | Found a shimmering altar of Xom.
  7050 | D:6      | Killed Crazy Yiuf
  7060 | D:6      | Gained mutation: You are hated by all. [Ru sacrifice]
  7060 | D:6      | Reached * piety under Ru
  7287 | D:7      | Noticed a troll
  7330 | D:7      | Killed a troll
  7516 | D:7      | Reached skill level 5 in Spellcasting
  7516 | D:7      | Reached XP level 9. HP: 72/72 MP: 16/16
  7978 | D:7      | Found a shimmering blue altar of Sif Muna.
  8264 | D:8      | Reached skill level 7 in Unarmed Combat
  8448 | D:8      | Engulfed by a cloud of steam

Illustrated notes

Levels and vault maps discovered:
D:1:      moated_graveyard_arrival, layout_basic,
          chequers_ecumenical_altar_simple_redux, hex_large, chequers_jeans
D:2:      layout_loops_ring, serial_shops, nicolae_lakefront_shop,
          nicolae_shop_overgrown_old_shop, shop, shop, shop,
          minmay_increasing_density
D:3:      layout_basic, uniq_natasha, uniq_terence
D:4:      layout_loops_ring, nicolae_ossuary_entry_catacombs, uniq_edmund
D:5:      nicolae_cairo_tiling, layout_basic,
          minmay_temple_entry_gardened_gates, gammafunk_ghost_grave,
          uniq_grinder
D:6:      layout_basic, lemuel_doored_altar, mainiacjoe_overflow_boulevard,
          grunt_dithmenos_smoke, overflow_temple_1_default, grunt_gozag_statues,
          serial_shops, nicolae_stop_n_shop_1, gup_sewer_entry_spiral,
          uniq_crazy_yiuf_cottage
D:7:      layout_basic, mainiacjoe_overflow_alcove_1, serial_bayou_crossing
D:8:      layout_cave_pools, st_stairs_9
Temple:   nicolae_temple_figure_eight

Skill      XL: |  1  2  3  4  5  6  7  8  9 |
---------------+----------------------------+-----
Dodging        | 2 3 4 |  4.3
Poison Magic   | 1 2 |  2.0
Transmutations | 3 4 6 |  6.6
Fighting       | 2 3 4 |  4.9
Unarmed Combat | 4 5 6 7 |  7.1
Spellcasting   | 3 4 5 |  5.3
Ice Magic      | 2 4 |  4.8

Action                   |  1- 3 |  4- 6 |  7- 9 || total
-------------------------+-------+-------+-------++-------
Melee: Unarmed           |    89 |   181 |   315 ||   585
       Headbutt          |    14 |     9 |     4 ||    27
       Kick              |     9 |    11 |     3 ||    23
       Tailslap          |     5 |    15 |    13 ||    33
       Punch             |       |     2 |     4 ||     6
 Cast: Beastly Appendage |    19 |    13 |     2 ||    34
       Spider Form       |       |    13 |     2 ||    15
       Ice Form          |       |       |    23 ||    23
Invok: Sacrifice Love    |       |       |     1 ||     1
Evoke: Wand              |       |     1 |       ||     1
  Use: Potion            |     3 |       |       ||     3
       Scroll            |     3 |     6 |     7 ||    16
 Stab: Sleeping          |     2 |     1 |       ||     3
Armor: Skin              |    45 |    34 |    91 ||   170
Dodge: Dodged            |    98 |    97 |   159 ||   354
Block: Kite shield       |       |    34 |       ||    34

Table legend: (Time is in decaauts)
 A = Elapsed time spent in this place.
 B = Non-inter-level travel time spent in this place.
 C = Inter-level travel time spent in this place.
 D = Time resting spent in this place.
 E = Time spent auto-exploring this place.
 F = Levels seen in this place.
 G = Mean time per level.
                   A        B        C        D        E       F      G
               +--------+--------+--------+--------+--------+-----+--------+
         Total |   8434 |   8081 |    353 |    405 |   6308 |   9 |  937.1 |
       Dungeon |   8218 |   7890 |    328 |    405 |   6122 |   8 | 1027.2 |
        Temple |    215 |    191 |     24 |      0 |    186 |   1 |  215.0 |
               +--------+--------+--------+--------+--------+-----+--------+

Top non-repeatable levels by time:
     D:3: 1492 daAuts
     D:2: 1301 daAuts
     D:6: 1261 daAuts
     D:4: 1055 daAuts
     D:1: 1012 daAuts
     D:5: 856 daAuts
     D:7: 822 daAuts
     D:8: 418 daAuts
  Temple: 215 daAuts
